 Dungeon Crawl Stone Soup version 0.29.1-2-gbd0b4ee654 (webtiles) character file.

Game seed: 11384145808294375382

82 xian the Cudgeller (level 4, -3/37 HPs)
             Began as a Minotaur Wanderer on Oct 27, 2022.
             Slain by a shadow imp (5 damage)
             ... summoned by Natasha
             ... on level 2 of the Dungeon.
             The game lasted 00:02:41 (1565 turns).

xian the Cudgeller (Minotaur Wanderer)              Turns: 1565, Time: 00:02:42

Health: -3/37      AC: 12    Str: 18    XL:     4   Next: 21%
Magic:  3/3        EV:  6    Int:  5    God:
Gold:   70         SH:  0    Dex: 14    Spells: 3/3 levels left

rFire   . . .      SeeInvis .   a - +2 mace
rCold   . . .      Faith    .   (no shield)
rNeg    . . .      Spirit   .   k - +0 plate armour
rPois   .          Reflect  .   (helmet restricted)
rElec   .          Harm     .   c - +0 cloak
rCorr   .          Rampage  .   (no gloves)
Will    .....                   (no boots)
Stlth   ..........              (no amulet)
HPRegen 0.12/turn               (no ring)
MPRegen 0.08/turn               (no ring)

@: no status effects
A: horns 2, retaliatory headbutt
a: no special abilities


You were on level 2 of the Dungeon.
You visited 1 branch of the dungeon, and saw 3 of its levels.

You collected 70 gold pieces.

Inventory:

Hand Weapons
 a - a +2 mace (weapon)
 b - a +0 quarterstaff
Armour
 c - a +0 cloak (worn)
 k - a +0 plate armour (worn)
Scrolls
 d - a scroll of fear
 f - a scroll of magic mapping
 g - a scroll of teleportation
 i - 2 scrolls of immolation {unknown}
Potions
 e - a potion of berserk rage {unknown}
 h - a potion of degeneration {unknown}
 j - a potion of curing


   Skills:
 + Level 2.9 Fighting
 + Level 4.6(4.7) Maces & Flails
 + Level 1.2(3.1) Staves
 + Level 3.1 Armour
 + Level 2.5 Dodging
 + Level 1.0 Evocations


You had 3 spell levels left.
You didn't know any spells.
Your spell library contained the following spells:

 Spells                   Type           Power      Damage    Failure   Level
 Ignite Poison            Fire/Tmut/Pois 0%         N/A       100%        3
 Inner Flame              Hex/Fire       0%         N/A       100%        3
 Cause Fear               Hex            0%         N/A       100%        4
 Sticky Flame             Conj/Fire      0%         2d3       100%        4
 Iron Shot                Conj/Erth      0%         9d1       100%        6
 Discord                  Hex            0%         N/A       100%        8


Dungeon Overview and Level Annotations

Branches:
Dungeon (3/15)

Altars:

Annotations:
D:2 Natasha


Innate Abilities, Weirdness & Mutations

You have a pair of horns on your head.
You reflexively headbutt those who attack you in melee.


Message History

The shadow imp hits you but does no damage.
Natasha extends her claws.
Natasha claws you but does no damage. The shadow imp gestures at you.
Pain shoots through your body!
You hit Natasha.
Natasha is moderately wounded.
The shadow imp hits you but does no damage.
Natasha claws you but does no damage. The shadow imp gestures at you.
Pain shoots through your body!
You thump Natasha!
Natasha is severely wounded.
The shadow imp completely misses you. Natasha claws you.
The bat hits you but does no damage. The shadow imp hits you.
You closely miss Natasha. Your headbutt misses Natasha.
Natasha is severely wounded.
The bat hits you but does no damage. The bat barely misses you.
Natasha hisses.
Natasha claws you but does no damage. The shadow imp closely misses you.
You furiously retaliate!
You headbutt the shadow imp. The shadow imp barely misses you.
The bat hits you but does no damage. Natasha claws you but does no damage.
The shadow imp hits you but does no damage.
You closely miss Natasha.
Natasha is severely wounded.
The bat hits you but does no damage. The bat barely misses you.
The bat hits you but does no damage.
The shadow imp summons a swarm of flies.
The shadow imp gestures at you. Pain shoots through your body!
* * * LOW HITPOINT WARNING * * *
Natasha stares at you and mumbles some strange words.
You resist with some effort. The shadow imp hits you.
* * * LOW HITPOINT WARNING * * *
The shadow imp barely misses you.
You barely miss Natasha. Your headbutt misses Natasha.
Natasha is severely wounded.
The bat barely misses you. x2; The shadow imp hits you.
You die...

...## ##.## ...####.#.##
#<#. .......###.# #.#.
...####.#.## ##.. #.##
##.## ##..# ###### #.#
...### ##.###.#
#..#.###.#
###...##.######5.h.....#
................@5...>.'
###...<..######.#b..####
##....## #.##.## ###.##
... ..# #.# ##.## .#
######.# #.# .# .......#
#.# # #####..# #..
#......#


You could see Natasha, 2 shadow imps and a bat.

Vanquished Creatures
  Natasha (D:2)
  A gnoll (D:1)
  An adder (D:2)
  A bat (D:1)
  7 endoplasms
  A giant cockroach (D:2)
  4 goblins
  A hobgoblin (D:1)
  5 kobolds (D:1)
  5 quokkas
  4 ball pythons
  2 frilled lizards (D:1)
  4 rats
37 creatures vanquished.

Notes
Turn   | Place    | Note
-------+----------+-------------------------------------------
     0 | D:1      | xian the Minotaur Wanderer began the quest for the Orb.
     0 | D:1      | xian set off with the following items: a +2 mace, a +0
                  | quarterstaff, a +0 cloak, a scroll of fear, a +0 leather
                  | armour.
     0 | D:1      | Reached XP level 1. HP: 18/18 MP: 0/0
   103 | D:1      | Reached XP level 2. HP: 24/25 MP: 1/1
   458 | D:1      | Reached skill level 3 in Maces & Flails
   486 | D:1      | Got the Codex of the Incandescent Lithosphere
   598 | D:1      | Reached XP level 3. HP: 30/30 MP: 2/2
  1145 | D:2      | Reached skill level 4 in Maces & Flails
  1147 | D:2      | Noticed Natasha
  1153 | D:2      | Killed Natasha
  1154 | D:2      | Reached XP level 4. HP: 23/37 MP: 3/3
  1553 | D:2      | Noticed Natasha
  1565 | D:2      | Slain by a shadow imp

Illustrated notes

Levels and vault maps discovered:
D:1:      minmay_arrival_plants_in_alcoves, layout_rooms, minmay_close_crescents
D:2:      layout_loops_corners, chequers_ecumenical_altar_simple, uniq_natasha
D:3:      layout_basic, nicolae_overflow_ecumenical_swirl, tgw_fedhas,
          grunt_gozag_statues

Skill      XL: |  1  2  3 |
---------------+----------+-----
Maces & Flails | 3 4 |  4.6
Armour         | 3 |  3.1
Fighting       | |  2.9
Staves         | |  1.2
Dodging        | |  2.5
Evocations     | |  1.0

Action                   |  1- 3 |  4- 6 || total
-------------------------+-------+-------++-------
Melee: Mace              |    60 |    16 ||    76
       Headbutt          |     4 |     2 ||     6
       Punch             |       |     1 ||     1
  Use: Scroll            |     3 |       ||     3
 Stab: Sleeping          |     1 |       ||     1
Armor: Leather armour    |    16 |     2 ||    18
       Plate armour      |       |    14 ||    14
Dodge: Dodged            |    39 |    13 ||    52
